 Dungeon Crawl Stone Soup version 0.20.1-1-g8b1a95d (webtiles) character file.

56 equalderp2856 the Skirmisher (level 3, -4/29 HPs)
             Began as a Mummy Fighter on Oct 25, 2017.
             Slain by Sigmund
             ... wielding a cursed +0 scythe
              (11 damage)
             ... on level 2 of the Dungeon.
             The game lasted 00:01:44 (1521 turns).

equalderp2856 the Skirmisher (Mummy Fighter)        Turns: 1521, Time: 00:01:45

Health: -4/29      AC:  6    Str: 19    XL:     3   Next: 71%
Magic:  3/3        EV:  7    Int:  8    God:
Gold:   53         SH:  9    Dex: 11    Spells: 2/2 levels left

rFire    x . .     SeeInvis .   a - +0 war axe
rCold    + . .     Gourm    .   c - +0 shield
rNeg     + + +     Faith    .   b - +0 scale mail
rPois    ∞         Spirit   .   (no helmet)
rElec    .         Reflect  .   (no cloak)
rCorr    .         Harm     .   (no gloves)
MR       .....                  (no boots)
Stlth    ..........             (no amulet)
Regen    0.1/turn               (no ring)
MPRegen  0.1/turn               (no ring)

@: no status effects
A: no food or potions, fire vulnerability, cold resistance 1, negative energy
resistance 3, torment resistance, unbreathing
a: no special abilities


You were on level 2 of the Dungeon.
You were not hungry.

You visited 1 branch of the dungeon, and saw 2 of its levels.

You collected 53 gold pieces.

Inventory:

Hand Weapons
 a - a +0 war axe (weapon)
Armour
 b - a +0 scale mail (worn)
 c - a +0 shield (worn)
Scrolls
 d - a scroll of random uselessness {unknown}
 e - a scroll of recharging {unknown}
 f - a scroll of fear {unknown}
 g - a scroll of immolation {unknown}
 h - a scroll of teleportation {unknown}
 i - a scroll of fog {unknown}
 j - a scroll of identify {unknown}


   Skills:
 + Level 3.3 Fighting
 * Level 2.3 Axes
 + Level 2.7 Armour
 + Level 0.1 Dodging
 + Level 2.8 Shields


You had 2 spell levels left.
You didn't know any spells.

Dungeon Overview and Level Annotations

Branches:
Dungeon (2/15)

Altars:
Ashenzari
Ru

Annotations:
D:2 Sigmund


Innate Abilities, Weirdness & Mutations

You do not eat or drink.
Your flesh is vulnerable to fire.
You are immune to poison.
Your flesh is cold resistant. (rC+)
You are immune to negative energy. (rN+++)
You are immune to unholy pain and torment.
You can survive without breathing.


Message History

No target in view!
You see here a frilled lizard corpse.
There is an open door here.
Found a robe.
HP restored.
There is an open door here.
Key pressed, stopping explore.
Sigmund shouts!
Sigmund is too close now for your liking.
Sigmund is nearby!
Sigmund points at you and mumbles some strange words.
The puff of flame hits you! The fire burns you terribly!
You slash Sigmund!
Sigmund is moderately wounded.
Sigmund hits you with a scythe!
* * * LOW HITPOINT WARNING * * *
You are too injured to fight recklessly!
Unknown command.
Sigmund hits you from afar with a scythe!
You die...

#..####.# #.# # # #..#
#.##########.#### #
#..####...............# #
#<..........######.##.# #
##.#....(.......##.##(#
############.#.##.#.#..##.##.##..
'...............)...........>....
###...(..###....#.#.....#.##.##..
# #......# #.#..@.......#.##.....
# #......# #.#..#...#...#.##.....
# #......# #.#..#.@..............
#......#####..........#.##.##..
#.....)...........!............
#######'#####...........####.##.#
#...............##...#(.####.##.#
......†................%.....##.#
#######..............#....##.....


You could see Sigmund.

Vanquished Creatures
  An adder (D:2)
  An ooze (D:2)
  A leopard gecko (D:1)
  2 giant cockroaches (D:1)
  7 goblins
  5 hobgoblins
  6 jackals
  2 kobolds
  A quokka (D:2)
  5 bats
  3 frilled lizards
  4 rats
38 creatures vanquished.

Notes
Turn   | Place    | Note
-------+----------+-------------------------------------------
     0 | D:1      | equalderp2856 the Mummy Fighter began the quest for the Orb.
     0 | D:1      | Reached XP level 1. HP: 18/18 MP: 1/1
   122 | D:1      | Reached XP level 2. HP: 24/24 MP: 2/2
   564 | D:2      | Reached XP level 3. HP: 28/29 MP: 3/3
   698 | D:2      | Noticed Sigmund
   718 | D:2      | HP: 1/29 [Sigmund/puff of flame (15)]
   734 | D:2      | HP: 1/29 [goblin (1)]
  1127 | D:2      | Found a shattered altar of Ashenzari.
  1271 | D:2      | Found a sacrificial altar of Ru.
  1521 | D:2      | Slain by Sigmund

Skill      XL: |  1  2  3 |
---------------+----------+-----
Axes           | 2 |  2.3
Fighting       | |  3.3
Armour         | |  2.7
Dodging        | |  0.1
Shields        | |  2.8

Action                   || total
-------------------------++-------
Melee: War axe           ||   137
Armor: Scale mail        ||    78
Dodge: Dodged            ||    58
Block: Shield            ||    92
